 Dungeon Crawl Stone Soup version 0.24-a0-201-gf2055891f0 (webtiles) character file.

Game seed: 6294640294870804693

190 MrRokkomies the Slinger (level 6, -5/43 HPs)
             Began as a Halfling Hunter on Mar 22, 2019.
             Slain by Sigmund
             ... wielding a +0 scythe
              (9 damage)
             ... on level 3 of the Dungeon.
             The game lasted 00:07:18 (2182 turns).

MrRokkomies the Slinger (Halfling Hunter)           Turns: 2182, Time: 00:07:21

Health: -5/43      AC:  7    Str: 14 (15) XL:     6   Next: 1%
Magic:  6/6        EV: 12    Int:  6 (9)  God:
Gold:   123        SH:  0    Dex: 12 (15) Spells: 5/5 levels left

rFire    + . .     SeeInvis .   a - +1 hunting sling
rCold    . . .     Gourm    .   (shield restricted)
rNeg     . . .     Faith    .   n - +1 scale mail {rF+}
rPois    .         Spirit   .   (no helmet)
rElec    .         Reflect  .   (no cloak)
rCorr    .         Harm     .   (no gloves)
MR       .....                  (no boots)
Stlth    ..........             (no amulet)
HPRegen  0.14/turn              (no ring)
MPRegen  0.10/turn              (no ring)

@: no status effects
A: small, mutation resistance 1
a: no special abilities


You were on level 3 of the Dungeon.
You were hungry.

You visited 1 branch of the dungeon, and saw 3 of its levels.

You collected 123 gold pieces.

Inventory:

Hand Weapons
 a - a +1 hunting sling (weapon)
 b - a +0 short sword
Missiles
 d - 10 sling bullets (quivered)
 j - 47 stones
Armour
 n - a +1 scale mail of fire resistance (worn)
Scrolls
 h - a scroll of amnesia
 k - 2 scrolls of remove curse
Potions
 c - a potion of might
 g - 2 potions of agility
 i - 5 potions of curing
 m - a potion of lignification {unknown}
Comestibles
 f - 5 rations


   Skills:
 * Level 3.8 Fighting
 * Level 8.0 Slings
 - Level 2.1 Dodging
 - Level 1.1 Stealth


You had 5 spell levels left.
You didn't know any spells.
Your spell library was empty.

Dungeon Overview and Level Annotations

Branches:
Dungeon (3/15)

Altars:
Ashenzari

Annotations:
D:3 Grinder, Sigmund


Innate Abilities, Weirdness & Mutations

You are small and have problems with some larger weapons.
You are somewhat resistant to further mutation.


Message History

The sling bullet closely misses Grinder.
The sling bullet hits Sigmund!
Sigmund is almost dead.
Grinder hits you.
* * * LOW HITPOINT WARNING * * *
You writhe in agony.
* * * LOW HITPOINT WARNING * * *
Unknown command.
You feel better.
Sigmund hits you from afar with a +0 scythe!
* * * LOW HITPOINT WARNING * * *
Grinder hits you.
* * * LOW HITPOINT WARNING * * *
It was a potion of degeneration.
There was something very wrong with that liquid.
You feel weakened.
You feel dopey.
You feel clumsy. Grinder hits you.
* * * LOW HITPOINT WARNING * * *
Sigmund hits you from afar with a +0 scythe!
You die...

#.# .#... #.# .(.>
.######.#
##..##...
......#.####
##......#
#......## ###(.#
###.##..#####.(.##
#.###(.....@.##
#.# ######5[.# #.#
#.@.#....... #.#
#..#########.
###)###...#
#..<....##
#.>....## #...)..#
.(........
.##......### #
########


You could see Grinder and Sigmund.

Vanquished Creatures
  Jessica (D:2)
  Terence (D:2)
  Natasha (thrice) (D:2)
  6 dart slugs
  4 leopard geckos
  An orc (D:3)
  4 goblins
  4 hobgoblins
  6 jackals (D:1)
  7 kobolds
  7 bats
  3 frilled lizards
  6 rats
53 creatures vanquished.

Notes
Turn   | Place    | Note
-------+----------+-------------------------------------------
     0 | D:1      | MrRokkomies the Halfling Hunter began the quest for the
                  | Orb.
     0 | D:1      | Reached XP level 1. HP: 14/14 MP: 1/1
   198 | D:1      | Reached skill level 6 in Slings
   233 | D:1      | Reached XP level 2. HP: 9/19 MP: 2/2
   500 | D:1      | Reached XP level 3. HP: 19/25 MP: 3/3
  1104 | D:2      | Noticed Natasha
  1111 | D:2      | Killed Natasha
  1111 | D:2      | Reached XP level 4. HP: 21/30 MP: 4/4
  1117 | D:2      | Reached skill level 7 in Slings
  1365 | D:2      | Noticed Terence
  1377 | D:2      | Killed Terence
  1377 | D:2      | Reached XP level 5. HP: 31/36 MP: 5/5
  1437 | D:2      | Found a shattered altar of Ashenzari.
  1466 | D:2      | Noticed Jessica
  1473 | D:2      | Killed Jessica
  1843 | D:2      | Noticed Natasha
  1852 | D:2      | Killed Natasha
  1859 | D:2      | Noticed Natasha
  1874 | D:2      | Killed Natasha
  1874 | D:2      | Reached skill level 8 in Slings
  1910 | D:2      | Reached XP level 6. HP: 28/43 MP: 6/6
  2160 | D:3      | Noticed Sigmund
  2167 | D:3      | Noticed Grinder
  2182 | D:3      | Slain by Sigmund

Levels and vault maps discovered:
D:1:      elethiomel_arrival_maze, layout_loops_corners
D:2:      layout_loops_cross, evilmike_ruin_ashenzari, first_ration,
          minmay_strange_pillars, uniq_natasha, uniq_jessica, uniq_terence
D:3:      layout_rooms, good_gods_temple_1, uniq_sigmund, uniq_grinder,
          uniq_robin

Skill      XL: |  1  2  3  4  5 |
---------------+----------------+-----
Slings         | 6 7 8 |  8.0
Fighting       | 2 3 |  3.8
Dodging        | |  2.1
Stealth        | |  1.1

Action                   |  1- 3 |  4- 6 || total
-------------------------+-------+-------++-------
Melee: Short sword       |    51 |    60 ||   111
 Fire: Hunting sling     |    26 |    66 ||    92
  Use: Scroll            |     4 |     2 ||     6
       Potion            |       |     2 ||     2
  Eat: Chunk             |       |     3 ||     3
Armor: Ring mail         |    20 |    12 ||    32
       Leather armour    |     1 |       ||     1
       Scale mail        |       |    19 ||    19
Dodge: Dodged            |    71 |    40 ||   111

Table legend:
 A = Non-vault XP
 B = Vault XP
 C = Vault XP percentage of total XP
 D = Non-vault monster count
 E = Vault monster count
 F = Vault count percentage of total count
                 A         B        C        D         E       F
            +---------+---------+-------+---------+---------+-------
      Total |     164 |     108 |  39.7 |      50 |       3 |   5.7
            +---------+---------+-------+---------+---------+-------
        D:1 |      47 |       0 |   0.0 |      25 |       0 |   0.0
        D:2 |     114 |     108 |  48.6 |      24 |       3 |  11.1
        D:3 |       3 |       0 |   0.0 |       1 |       0 |   0.0
            +---------+---------+-------+---------+---------+-------
